 Dungeon Sprint DCSS version 0.31-a0-1071-gaead2f62b1 (webtiles) character file.

Game seed: 4163524772898660181

66 rocky1 the Ruffian (level 4, -6/36 HPs)
             Began as a Gnoll Shapeshifter on Nov 26, 2023.
             Was an Initiate of Gozag.
             Mangled by a two-headed ogre
             ... wielding a +0 giant spiked club
              (16 damage)
             ... in the Dungeon (Sprint IX: "|||||||||||||||||||||||||||||").
             The game lasted 00:00:54 (623 turns).

rocky1 the Ruffian (Gnoll Shapeshifter)              Turns: 623, Time: 00:00:56

Health: -6/36      AC:  2    Str: 16    XL:     4   Next: 15%
Magic:  7/7        EV: 13    Int:  9    God:    Gozag
Gold:   0          SH:  0    Dex: 11    Spells: 8/8 levels left

rFire   . .          .
                       - Unarmed
rCold   . . .        (no shield)
rNeg    . . .        a - +0 animal skin
rPois   .            (helmet currently unavailable)
rElec   .            (cloak currently unavailable)
rCorr   .            (gloves currently unavailable)
SInv    .            (boots currently unavailable)
Will    .....        (no amulet)
Stlth   ++           (no ring)
HPRegen 0.26/turn    (no ring)
MPRegen 0.10/turn

%: no teleportation
@: beast-form
A: beast (slay +3), fangs 1, strong nose, distributed training
a: Begin Untransformation, Renounce Religion, Potion Petition, Call Merchant,
Bribe Branch


You were in the Dungeon.
You worshipped Gozag.
Gozag was noncommittal.
You were a hulking beast.
You visited 1 branch

Inventory:

Armour
 a - a +0 animal skin (worn)
Jewellery
 n - a +2 ring of evasion
 o - a +3 ring of dexterity
Talismans
 c - a beast talisman
 d - a flux talisman
Wands
 m - a wand of roots (8)
Scrolls
 j - 2 scrolls of blinking
 l - 2 scrolls of amnesia
Potions
 b - a potion of lignification
 e - a potion of invisibility
 f - 2 potions of heal wounds
 g - a potion of haste
 h - 4 potions of magic
 i - a potion of berserk rage
 k - 4 potions of curing


   Skills:
 + Level 3.6 Fighting
 + Level 2.5 Short Blades
 + Level 2.5 Long Blades
 + Level 2.5 Axes
 + Level 2.5 Maces & Flails
 + Level 2.5 Polearms
 + Level 2.5 Staves
 + Level 2.5 Ranged Weapons
 + Level 2.5 Throwing
 + Level 2.5 Armour
 + Level 5.2 Dodging
 + Level 2.5 Stealth
 + Level 2.5 Shields
 + Level 7.0 Unarmed Combat
 + Level 2.5 Spellcasting
 + Level 2.0 Conjurations
 + Level 2.0 Hexes
 + Level 2.0 Summonings
 + Level 2.0 Necromancy
 + Level 2.0 Translocations
 + Level 2.0 Transmutations
 + Level 2.0 Fire Magic
 + Level 2.0 Ice Magic
 + Level 2.0 Air Magic
 + Level 2.0 Earth Magic
 + Level 2.0 Poison Magic
 + Level 2.8 Invocations
 + Level 2.5 Evocations
 + Level 6.9 Shapeshifting


You had 8 spell levels left.
You didn't know any spells.
Your spell library was empty.

Dungeon Overview and Level Annotations

Branches:
Dungeon (1/1)

Altars:
Cheibriados
Dithmenos
Elyvilon
Fedhas
Gozag
Hepliaklqana
Kikubaaqudgha
Makhleb
Nemelex Xobeh
Okawaru
Qazlal
Ru
Sif Muna
Trog
Uskayaw
Vehumet
Wu Jian
Xom
Yredelemnul
Zin
The Shining One
Jiyva
Lugonu


Innate Abilities, Weirdness & Mutations

You are a hulking beast.
Your limbs bulge with bestial killing power. (Slay +3)
You have very sharp teeth.
Your uncanny sense of smell can sniff out nearby items.
Your experience applies equally to all skills.


Message History

The orc warrior shouts!
You punch the two-headed ogre!
The two-headed ogre is lightly wounded.
The two-headed ogre barely misses you.
The two-headed ogre hits you with a +0 giant club!
You hit the two-headed ogre.
The two-headed ogre is lightly wounded.
Unknown command.
Aiming: Fastroot
Press: ? - help, Shift-Dir - straight line, f - two-headed ogre
Aim: a two-headed ogre, wielding a +0 giant spiked club and a +0 giant club (lightly wounded)
The roots erupt in riotous growth!
Roots grab the two-headed ogre.
Roots grab the orc warrior.
The grasping roots constrict the two-headed ogre.
The grasping roots constrict the orc warrior.
The two-headed ogre hits you with a +0 giant spiked club!
* * * LOW HITPOINT WARNING * * *
The two-headed ogre closely misses you.
You hit the two-headed ogre. You bite the two-headed ogre.
The two-headed ogre is moderately wounded.
The grasping roots constrict the two-headed ogre.
The grasping roots constrict the orc warrior.
The roots release their grip on the two-headed ogre.
The roots release their grip on the orc warrior.
The two-headed ogre misses you. The two-headed ogre closely misses you.
Aiming: Fastroot
Press: ? - help, Shift-Dir - straight line, f/p - two-headed ogre
Aim: a two-headed ogre, wielding a +0 giant spiked club and a +0 giant club (heavily wounded)
The roots erupt in riotous growth!
Roots grab the two-headed ogre.
Roots grab the orc warrior.
The grasping roots constrict the two-headed ogre.
The grasping roots constrict the orc warrior.
You punch the two-headed ogre! You bite the two-headed ogre.
The two-headed ogre is severely wounded.
The grasping roots constrict the two-headed ogre.
The grasping roots constrict the orc warrior.
The two-headed ogre barely misses you.
The two-headed ogre hits you with a +0 giant club!
You die...
Your body crumbles into a pile of gold.

▓.▓
▓.▓
▓)▓
▓.▓
▓[▓
▓[▓
▓[▓
▓.▓
∆
▓h▓
∆
▓O▓
∆
▓o▓
∆
▓W▓
▓o▓
∆
▓c▓
▓D▓
∆
▓.▓


You could see a two-headed ogre (rooted), a wraith, 2 orc warriors, an acid
dragon and a centaur.

Vanquished Creatures
  A gnoll bouda (D)
  2 adders (D)
  2 ufetubi (D)
  A dart slug (D)
  An endoplasm (D)
  A giant cockroach (D)
  A goblin (D)
  A frilled lizard (D)
10 creatures vanquished.

Notes
Turn   | Place    | Note
-------+----------+-------------------------------------------
     0 | D        | rocky1 the Gnoll Shapeshifter began the quest for the Orb.
     0 | D        | Reached XP level 1. HP: 17/17 MP: 1/1
    12 | D        | Reached skill level 1 in Short Blades
    12 | D        | Reached skill level 1 in Long Blades
    12 | D        | Reached skill level 1 in Axes
    12 | D        | Reached skill level 1 in Maces & Flails
    12 | D        | Reached skill level 1 in Polearms
    12 | D        | Reached skill level 1 in Staves
    12 | D        | Reached skill level 1 in Ranged Weapons
    12 | D        | Reached skill level 1 in Throwing
    12 | D        | Reached skill level 1 in Armour
    12 | D        | Reached skill level 1 in Stealth
    12 | D        | Reached skill level 1 in Shields
    12 | D        | Reached skill level 1 in Spellcasting
    12 | D        | Reached skill level 1 in Invocations
    12 | D        | Reached skill level 1 in Evocations
    20 | D        | Reached XP level 2. HP: 18/23 MP: 1/3
   149 | D        | Reached skill level 1 in Conjurations
   149 | D        | Reached skill level 1 in Hexes
   149 | D        | Reached skill level 1 in Summonings
   149 | D        | Reached skill level 1 in Necromancy
   149 | D        | Reached skill level 1 in Translocations
   149 | D        | Reached skill level 1 in Transmutations
   149 | D        | Reached skill level 1 in Fire Magic
   149 | D        | Reached skill level 1 in Ice Magic
   149 | D        | Reached skill level 1 in Air Magic
   149 | D        | Reached skill level 1 in Earth Magic
   149 | D        | Reached skill level 1 in Poison Magic
   154 | D        | Reached XP level 3. HP: 7/29 MP: 3/5
   163 | D        | Reached skill level 5 in Dodging
   163 | D        | Reached skill level 7 in Unarmed Combat
   168 | D        | Reached XP level 4. HP: 8/36 MP: 4/7
   574 | D        | Found a snail-covered altar of Cheibriados.
   574 | D        | Found a shadowy altar of Dithmenos.
   574 | D        | Found a white marble altar of Elyvilon.
   574 | D        | Found a blossoming altar of Fedhas.
   574 | D        | Found an opulent altar of Gozag.
   575 | D        | Found a hazy altar of Hepliaklqana.
   576 | D        | Found a viscous altar of Jiyva.
   577 | D        | Found an ancient bone altar of Kikubaaqudgha.
   578 | D        | Found a corrupted altar of Lugonu.
   579 | D        | Found a burning altar of Makhleb.
   580 | D        | Found a sparkling altar of Nemelex Xobeh.
   581 | D        | Found an iron altar of Okawaru.
   582 | D        | Became a worshipper of Gozag Ym Sagoz the Greedy
   583 | D        | Found a stormy altar of Qazlal.
   584 | D        | Found a sacrificial altar of Ru.
   585 | D        | Found a shimmering blue altar of Sif Muna.
   586 | D        | Found a bloodstained altar of Trog.
   587 | D        | Found a hide-covered altar of Uskayaw.
   588 | D        | Found a radiant altar of Vehumet.
   589 | D        | Found an ornate altar of the Wu Jian Council.
   590 | D        | Found a shimmering altar of Xom.
   591 | D        | Found a basalt altar of Yredelemnul.
   592 | D        | Found a glowing silver altar of Zin.
   593 | D        | Found a glowing golden altar of the Shining One.
   617 | D        | Noticed a two-headed ogre
   617 | D        | Noticed an orc warrior
   617 | D        | Noticed a wraith
   617 | D        | Noticed an orc warrior
   617 | D        | Noticed a centaur
   617 | D        | Noticed an acid dragon
   623 | D        | Mangled by a two-headed ogre

Illustrated notes

Levels and vault maps discovered:
D:        linesprint [early_d, line_temple, items_1, d_10, items_2, lair_1,
          lair_end, items_3, orc_1, orc_end, items_4, d_15, swamp_1, shoals_1,
          snake_1, spider_1, d_20, vaults_1, items_5, swamp_end, shoals_end,
          snake_end, spider_end, vaults_end, d_27, items_6, zot_1, zot_end,
          crypt_end, forest_end, elf_end, slime_end, tomb_end, abyss_end,
          pan_hell_end]

Skill      XL: |  1  2  3 |
---------------+----------+-----
Short Blades   | 1 2 |  2.5
Long Blades    | 1 2 |  2.5
Axes           | 1 2 |  2.5
Maces & Flails | 1 2 |  2.5
Polearms       | 1 2 |  2.5
Staves         | 1 2 |  2.5
Ranged Weapons | 1 2 |  2.5
Throwing       | 1 2 |  2.5
Armour         | 1 2 |  2.5
Stealth        | 1 2 |  2.5
Shields        | 1 2 |  2.5
Spellcasting   | 1 2 |  2.5
Invocations    | 1 2 |  2.8
Evocations     | 1 2 |  2.5
Fighting       | 3 |  3.6
Conjurations   | 1 2 |  2.0
Hexes          | 1 2 |  2.0
Summonings     | 1 2 |  2.0
Necromancy     | 1 2 |  2.0
Translocations | 1 2 |  2.0
Transmutations | 1 2 |  2.0
Fire Magic     | 1 2 |  2.0
Ice Magic      | 1 2 |  2.0
Air Magic      | 1 2 |  2.0
Earth Magic    | 1 2 |  2.0
Poison Magic   | 1 2 |  2.0
Dodging        | 5 |  5.2
Unarmed Combat | 7 |  7.0
Shapeshifting  | |  6.9

Action                     |  1- 3 |  4- 6 || total
---------------------------+-------+-------++-------
  Melee: Unarmed           |    36 |     4 ||    40
         Bite              |     3 |     2 ||     5
  Evoke: Wand              |       |     2 ||     2
    Use: Potion            |     2 |       ||     2
 Armour: Animal skin       |    17 |     3 ||    20
  Dodge: Dodged            |    18 |     5 ||    23

Table legend: (Time is in decaauts)
 A = Elapsed time spent in this place.
 B = Non-inter-level travel time spent in this place.
 C = Inter-level travel time spent in this place.
 D = Time resting spent in this place.
 E = Time spent auto-exploring this place.
 F = Levels seen in this place.
 G = Mean time per level.
                   A        B        C        D        E       F      G
               +--------+--------+--------+--------+--------+-----+--------+
         Total |    618 |    618 |      0 |    520 |      0 |   1 |  618.0 |
       Dungeon |    618 |    618 |      0 |    520 |      0 |   1 |  618.0 |
               +--------+--------+--------+--------+--------+-----+--------+

Top non-repeatable levels by time:
       D: 618 daAuts
